 Dungeon Crawl Stone Soup version 0.22-a0-32-ga749362 (webtiles) character file.

84 tilp the Conjurer (level 4, -4/33 HPs)
             Began as a Draconian Conjurer on Jan 3, 2018.
             Slain by a gnoll
             ... wielding a +0 club
              (5 damage)
             ... on level 2 of the Dungeon.
             The game lasted 00:05:40 (2601 turns).

tilp the Conjurer (Draconian Conjurer)              Turns: 2601, Time: 00:05:41

Health: -4/33      AC:  5    Str: 10    XL:     4   Next: 24%
Magic:  0/7        EV: 12    Int: 16    God:
Gold:   141        SH:  0    Dex: 12    Spells: 4/7 levels left

rFire    . . .     SeeInvis .   i - -2 dagger (curse)
rCold    . . .     Gourm    .   (no shield)
rNeg     . . .     Faith    .   (armour unavailable)
rPois    .         Spirit   .   (helmet restricted)
rElec    .         Reflect  .   (no cloak)
rCorr    .         Harm     .   (no gloves)
MR       .....                  (no boots)
Stlth    ++........             (no amulet)
HPRegen  0.11/turn              (no ring)
MPRegen  0.10/turn              (no ring)

@: no status effects
A: unfitting armour, cold-blooded, AC +5
a: no special abilities


You were on level 2 of the Dungeon.
You were not hungry.

You visited 1 branch of the dungeon, and saw 2 of its levels.

You collected 141 gold pieces.

Inventory:

Hand Weapons
 a - a +0 spear
 b - a +0 hunting sling
 i - a cursed -2 dagger (weapon)
 k - a +0 flail
 n - a +2 falchion of draining
Missiles
 c - 69 stones (quivered)
Scrolls
 f - a scroll of teleportation {unknown}
 g - 2 scrolls of identify {unknown}
 l - a scroll of fear {unknown}
 m - a scroll of immolation {unknown}
Potions
 e - 2 potions of lignification {unknown}
 j - a potion of curing {unknown}
 o - a potion of heal wounds {unknown}
 p - a potion of degeneration {unknown}
Books
 h - a book of Conjurations

   Spells                             Type                      Level
   a - Magic Dart                     Conjuration                  1
   b - Searing Ray                    Conjuration                  2
   c - Dazzling Spray                 Conjuration/Hexes            3
   d - Fulminant Prism                Conjuration/Hexes            4
   e - Force Lance                    Conjuration/Translocation    4
   f - Iskenderun's Mystic Blast      Conjuration                  4
Comestibles
 d - 3 rations
 q - a chunk of flesh


   Skills:
 - Level 1.7 Dodging
 - Level 1.7 Stealth
 - Level 2.0 Spellcasting
 + Level 5.8 Conjurations


You had 4 spell levels left.
You knew the following spells:

 Your Spells              Type           Power        Failure   Level  Hunger
a - Magic Dart            Conj           ###.         1%          1    #......
b - Searing Ray           Conj           ###...       2%          2    ###....


Dungeon Overview and Level Annotations

Branches:
Dungeon (2/15)

Altars:


Innate Abilities, Weirdness & Mutations

Your plain brown scales are hard. (AC +5)
You cannot fit into any form of body armour.
You are cold-blooded and may be slowed by cold attacks.


Message History

(Press . to maintain the ray.)
The gnoll hits you with a club!
* * * LOW HITPOINT WARNING * * *
A hobgoblin comes into view.
Unknown command.
You hit the gnoll but do no damage.
The gnoll is heavily wounded.
The gnoll barely misses you.
You hit the gnoll but do no damage.
Your tail-slap misses the gnoll.
The gnoll is heavily wounded.
The hobgoblin misses you.
You hit the gnoll but do no damage.
The gnoll is heavily wounded.
The gnoll hits you with a club!
* * * LOW HITPOINT WARNING * * *
The hobgoblin hits you but does no damage.
You barely miss the gnoll.
Your tail-slap misses the gnoll.
The gnoll is heavily wounded.
The gnoll hits you with a club.
You die...

###########.#........รท.....#.#.#
............#..............#.#.##
###########.#..............#.....
#######.##..#..#....#.##
#.................#.#.#
#.#####.............#.#
###..#..###.#.#.# .
#.g.........###.# ..
#@#..#...#... ..# ... #g#..#...#
# ### .... #l#..#..... ### .....
#.#..##.... .<# .g....##.#..# .
.## ......'..#..# .#
......####..# ## ..... ####


You could see a gnoll, a leopard gecko and a hobgoblin.

Vanquished Creatures
  2 adders (D:2)
  2 gnolls (D:2)
  An ooze (D:2)
  A worm (D:2)
  2 giant cockroaches (D:1)
  5 goblins
  7 hobgoblins
  2 jackals (D:1)
  3 kobolds (D:2)
  5 bats
  3 frilled lizards
  7 rats
40 creatures vanquished.

Notes
Turn   | Place    | Note
-------+----------+-------------------------------------------
     0 | D:1      | tilp the Draconian Conjurer began the quest for the Orb.
     0 | D:1      | Reached XP level 1. HP: 14/14 MP: 3/3
   520 | D:1      | Reached XP level 2. HP: 20/20 MP: 5/5
   746 | D:1      | Learned a level 2 spell: Searing Ray
  1169 | D:2      | Reached skill level 5 in Conjurations
  1370 | D:2      | Reached XP level 3. HP: 21/26 MP: 6/6
  2587 | D:2      | Reached XP level 4. HP: 33/33 MP: 3/7
  2600 | D:2      | HP: 1/33 [gnoll/club (8)]
  2601 | D:2      | Slain by a gnoll

Vault maps used:
D:1:      minmay_arrival_nine_rooms
D:2:      st_stairs_14, fedhas_altar_fruit_tree

Skill      XL: |  1  2 |
---------------+-------+-----
Conjurations   | 5 |  5.8
Dodging        | |  1.7
Stealth        | |  1.7
Spellcasting   | |  2.0

Action                   |  1- 3 |  4- 6 || total
-------------------------+-------+-------++-------
Melee: Unarmed           |    23 |       ||    23
       Tailslap          |    18 |     1 ||    19
       Club              |     1 |       ||     1
       Dagger            |   112 |     9 ||   121
 Fire: Hunting sling     |    22 |       ||    22
Throw: Stone             |     3 |       ||     3
 Cast: Magic Dart        |    44 |       ||    44
       Searing Ray       |     2 |     1 ||     3
  Eat: Chunk             |     3 |       ||     3
       Ration            |     1 |       ||     1
Armor: Skin              |    60 |     2 ||    62
Dodge: Dodged            |   104 |     5 ||   109

Table legend:
 A = Spawn XP
 B = Non-spawn XP
 C = Spawn XP percentage of total XP
 D = Spawn monster count
 E = Non-spawn monster count
 F = Spawn count percentage of total count
 G = Total turns spent on level
                    A         B        C        D         E        F      G
               +---------+---------+-------+---------+---------+-------+---------
         Total |       0 |     121 |   0.0 |       0 |      40 |   0.0 |  2601
               +---------+---------+-------+---------+---------+-------+---------
           D:1 |       0 |      32 |   0.0 |       0 |      21 |   0.0 |  1463
           D:2 |       0 |      89 |   0.0 |       0 |      19 |   0.0 |  1138
               +---------+---------+-------+---------+---------+-------+---------
